AoeStats
← Baggi

Oasis

509761113Analyzed
2v2 RM · 5d ago on Sep 27, 2026· 42m 35s· 4 players
Game mode
Random Map
Map size
Medium (4 player)
Population
200
Speed
Normal
Resources
Standard
Victory
Conquest
Starting age
Dark Age
Ending age
Imperial Age
RankedLock teamsTeams togetherTeam positionsShared explorationLock speedFull tech treeHidden civsTurbo modeCheats
Victory
Defeat
🇨🇿 Vikings · Czechia
1163
+16
🇧🇷 Franks · Brazil
1017
+21
🇺🇸 Georgians · United States
1160
-19
🇺🇸 Varangians · United States
1131
-18
jellyman123
3:07 Loom
10:55 Feudal Age
15:24 Castle Age
13:54 Double-Bit Axe
14:42 Horse Collar
27:35 Bloodlines
27:26 Husbandry
27:39 Forging
28:15 Fortified Wall
30:19 Elite Skirmisher
32:14 Wheelbarrow
32:00 Bow Saw
31:53 Heavy Plow
31:44 Gold Mining
31:59 Fletching
35:55 Imperial Age
33:12 Town Watch
33:47 Scale Barding Armor
34:36 Ballistics
35:00 Bodkin Arrow
35:06 Padded Archer Armor
36:49 Iron Casting
Little Gawa
5:25 Loom
10:54 Feudal Age
16:11 Castle Age
15:14 Double-Bit Axe
19:47 Wheelbarrow
20:09 Horse Collar
26:28 Heavy Plow
30:15 Imperial Age
29:18 Bow Saw
29:07 Fletching
29:18 Padded Archer Armor
30:29 Bodkin Arrow
30:31 Town Watch
31:48 Parthian Tactics
31:49 Conscription
32:04 Bracer
34:11 Chemistry
33:56 Bloodlines
33:47 Husbandry
34:04 Leather Archer Armor
34:11 Ballistics
34:21 Hand Cart
34:44 Scale Barding Armor
35:38 Heavy Cavalry Archer
37:22 Forging
37:48 Town Patrol
38:49 Chain Barding Armor
39:06 Iron Casting
38:55 Elite Monaspa
40:34 Light Cavalry
Azmir
5:20 Loom
10:50 Feudal Age
12:42 Double-Bit Axe
14:42 Fletching
18:51 Padded Archer Armor
22:22 Castle Age
20:04 Horse Collar
20:30 Gold Mining
23:46 Bodkin Arrow
23:13 Crossbowman
23:29 Crossbowman
24:33 Bow Saw
24:25 Stone Mining
24:52 Padded Archer Armor
24:39 Town Watch
25:01 Heavy Plow
27:53 Leather Archer Armor
28:10 Ballistics
33:41 Imperial Age
32:58 Squires
32:44 Arson
33:14 Forging
33:04 Scale Mail Armor
34:22 Gold Shaft Mining
35:00 Iron Casting
35:34 Chemistry
34:50 Bracer
34:23 Arbalester
36:51 Ring Archer Armor
37:53 Conscription
37:53 Chain Mail Armor
38:13 Iron Casting
39:37 Bogsveigar
40:10 Plate Mail Armor
41:33 Chieftains
Baggi
7:29 Loom
9:49 Feudal Age
11:21 Double-Bit Axe
18:31 Wheelbarrow
20:42 Castle Age
18:38 Stone Mining
18:38 Gold Mining
19:42 Scale Barding Armor
19:36 Man-at-Arms
21:24 Scale Mail Armor
21:35 Forging
22:37 Bow Saw
27:59 Hand Cart
27:39 Town Watch
32:49 Imperial Age
30:45 Fletching
31:34 Town Patrol
31:39 Padded Archer Armor
31:47 Husbandry
34:37 Chain Barding Armor
34:53 Iron Casting
33:44 Light Cavalry
35:08 Conscription
36:01 Chemistry
36:19 Ballistics
35:40 Treadmill Crane
36:12 Fortified Wall
37:03 Plate Barding Armor
36:18 Cavalier
37:25 Arrowslits
37:51 Masonry
37:37 Murder Holes
39:00 Ordonnance Companies
41:36 Blast Furnace
40:51 Chain Mail Armor
40:47 Bodkin Arrow
41:07 Leather Archer Armor
41:04 Paladin
Connection lost

Rejoining the realm…

Still unreachable

The connection could not be restored.

Session expired

The server has moved on; the page needs a fresh start.